 Dungeon Crawl Stone Soup version 0.17-a0-1636-g3119f2b (webtiles) character file.

994 urechis the Grappler (level 7, 72/72 HPs)
             Began as a Troll Monk on Aug 5, 2015.
             Starved to death
             ... on level 6 of the Dungeon.
             The game lasted 00:05:17 (3367 turns).

urechis the Grappler (Troll Monk)                   Turns: 3367, Time: 00:05:17

Health: 72/72      AC:  5    Str: 20    XL:     7   Next: 99%
Magic:  6/6        EV: 10    Int:  6    God:
Gold:   273        SH:  0    Dex: 14    Spells: 0 memorised, 6 levels left

rFire  + . .     SeeInvis .       - Unarmed
rCold  . . .     Clarity  +     a - +0 robe
rNeg   . . .     SustAt   .     (no shield)
rPois  .         Gourm    +     (helmet restricted)
rElec  .         Spirit   .     (no cloak)
rCorr  .         Warding  .     (gloves unavailable)
rMut   .         Stasis   .     (boots unavailable)
MR     .....                    l - amulet of clarity
Stlth  ++........               (no ring)
                                m - ring of protection from fire

@: starving, not resistant to hostile enchantments, unstealthy
A: unfitting armour, claws 3, fast metabolism 3, gourmand, regeneration 2,
shaggy fur 1, tough skin 2
a: no special abilities


You were on level 6 of the Dungeon.
You were starving.

You visited 1 branch of the dungeon, and saw 6 of its levels.

You collected 273 gold pieces.

Inventory:

Missiles
 p - a throwing net (quivered)
Armour
 a - a +0 robe (worn)
Jewellery
 d - an uncursed amulet of stasis {unknown}
 l - an amulet of clarity (around neck)
 m - a ring of protection from fire (left claw)
 y - an uncursed ring of poison resistance {unknown}
Magical devices
 x - a wand of cold (7)
Scrolls
 c - a scroll of recharging
 j - 4 scrolls of identify {unknown}
 k - 3 scrolls of remove curse
 o - a scroll of teleportation {unknown}
 q - a scroll of noise {unknown}
 s - a scroll of enchant weapon {unknown}
 u - 2 scrolls of blinking {unknown}
Potions
 e - 3 potions of curing {unknown}
 f - a potion of lignification {unknown}
 g - 2 potions of resistance {unknown}
 h - a potion of flight {unknown}
 n - a potion of cure mutation {unknown}
 r - 2 potions of heal wounds {unknown}
 v - a potion of cancellation {unknown}
Books
 t - an Akashic Record

   Spells                             Type                      Level
   a - Dispersal                      Translocation                6
   b - Controlled Blink               Translocation                7
   c - Malign Gateway                 Summoning/Translocation      7
   d - Disjunction                    Translocation                8
 w - a book of Battle

   Spells                             Type                      Level
   a - Infusion                       Charms                       1
   b - Shroud of Golubria             Charms/Translocation         2
   c - Song of Slaying                Charms                       2
   d - Spectral Weapon                Hexes/Charms                 3
   e - Regeneration                   Charms/Necromancy            3
Comestibles
 b - 7 bread rations
 i - 4 meat rations


   Skills:
 + Level 5.0 Fighting
 - Level 2.4 Dodging
 - Level 1.1 Stealth
 * Level 8.6 Unarmed Combat


You had 6 spell levels left.
You didn't know any spells.

Dungeon Overview and Level Annotations

Branches:
Dungeon (6/15)
 Temple: D:4-7

Altars:
Trog
Vehumet
Yredelemnul

Shops:
D:4 %

Annotations:
D:6 Duvessa


Innate Abilities, Weirdness & Mutations

You are too large for most types of armour.
You have claws for hands.
Your metabolism is lightning-fast.
You like to eat raw meat.
You heal very quickly.
You are covered in fur (AC +1).
You have very tough skin (AC +2).


Message History

There is an escape hatch in the floor here.
There is an escape hatch in the floor here.
You slide downwards.
The hatch slams shut behind you.
Found a scroll labeled ARUCYU QODUE.
Found a stone staircase leading down.
Found a square blue amulet.
Found a small emerald ring.
j - 4 scrolls labeled ARUCYU QODUE (gained 1)
d - a square blue amulet
y - a small emerald ring
Found a dagger.
Found a stone staircase leading down.
A quokka comes into view.
Found a scroll labeled SUMYRILARERI.
The quokka bites you.
Duvessa, Sister of Dowan comes into view.
She is wielding a short sword.
The quokka closely misses you.
You claw the quokka!
You kill the quokka!
Duvessa shouts!
You have starved to death.
You die...

#.> #... .# .e.
####..# #### .###...
#.....# ... .......
#....## #.# ?......
#.....#
###.####.......
#.....#
#...##.........
#....###.#....#.>.....
#....##.......@.).....
#....#..###.##........
##.......#
#.######....
##......### #.# ...
#.............# .
......#...###..
....#####..##.. ...##
...... ...# #...


You could see Duvessa.

Vanquished Creatures
  The ghost of emiel the Conjurer, an experienced CeWz (D:4)
  An ice beast (D:5)
  An orc warrior (D:3)
  A phantom (D:4)
  2 hounds (D:4)
  A centaur skeleton (D:5)
  2 orc wizards (D:3)
  2 iguanas (D:4)
  2 worker ants (D:4)
  A worker ant zombie (D:5)
  7 gnolls
  4 adders
  An ooze (D:1)
  2 adder skeletons (D:4)
  2 adder zombies
  2 worms
  2 giant geckos
  2 orcs (D:3)
  2 bat skeletons (D:2)
  10 hobgoblins
  2 jackals (D:1)
  3 quokkas
  6 bats
  3 giant cockroaches
  A giant gecko zombie (D:2)
  5 giant newts
  10 goblins
  A jackal skeleton (D:2)
  A jackal zombie (D:5)
  11 kobolds
  A quokka skeleton (D:2)
  8 rats
100 creatures vanquished.

Vanquished Creatures (others)
  An adder (D:4)
1 creature vanquished.

Grand Total: 101 creatures vanquished

Notes
Turn   | Place    | Note
--------------------------------------------------------------
     0 | D:1      | urechis the Troll Monk began the quest for the Orb.
     0 | D:1      | Reached XP level 1. HP: 22/22 MP: 0/0
    80 | D:1      | Reached XP level 2. HP: 22/29 MP: 1/1
   355 | D:1      | Reached XP level 3. HP: 29/36 MP: 2/2
   759 | D:2      | Found a faded altar to an unknown god.
   967 | D:2      | Reached skill level 5 in Unarmed Combat
   967 | D:2      | Reached XP level 4. HP: 36/45 MP: 3/3
  1164 | D:3      | Found a radiant altar of Vehumet.
  1164 | D:3      | Found a bloodstained altar of Trog.
  1179 | D:3      | Found a basalt altar of Yredelemnul.
  1179 | D:3      | Noticed an orc warrior
  1188 | D:3      | Killed an orc warrior
  1188 | D:3      | Reached XP level 5. HP: 51/53 MP: 4/4
  1199 | D:3      | Reached skill level 6 in Unarmed Combat
  1608 | D:3      | Reached XP level 6. HP: 25/62 MP: 5/5
  2072 | D:4      | Found Asotugir's Food Boutique.
  2141 | D:4      | Reached skill level 7 in Unarmed Combat
  2163 | D:4      | Reached XP level 7. HP: 36/71 MP: 6/6
  2313 | D:4      | Noticed emiel's ghost (experienced CeWz)
  2332 | D:4      | Killed emiel's ghost
  2332 | D:4      | Reached skill level 8 in Unarmed Combat
  2447 | D:5      | Entered Level 5 of the Dungeon
  2530 | D:5      | Reached skill level 5 in Fighting
  2727 | D:5      | Found a basalt altar of Yredelemnul.
  3366 | D:6      | Noticed Duvessa
  3367 | D:6      | Starved to death

Vault maps used:
D:1:      minmay_arrival_widening_spiral_wide, st_stairs_12
D:2:      first_bread, ecumenical_altar_2, serial_undead, serial_undead_d,
          serial_undead_e, serial_undead_c, serial_undead_a
D:3:      grunt_temple_overflow_open
D:4:      serial_shops, shop, kennysheep_generic_room_5
D:5:      basic_altar
D:6:      uniq_menkaure, uniq_sigmund, uniq_duvessa, uniq_crazy_yiuf_cottage

Action                   |  1- 3 |  4- 6 |  7- 9 || total
-------------------------+-------+-------+-------++-------
Melee: Unarmed           |   118 |   133 |    57 ||   308
  Use: Scroll            |     3 |       |       ||     3
 Stab: Sleeping          |     2 |       |       ||     2
  Eat: Chunk             |    14 |     7 |     1 ||    22
       Beef jerky        |       |       |     2 ||     2
